Tampa Bay Lightning vs Nashville Predators
Created - Wednesday, June 4, 2025 at 09:14
Goals
|
| Tampa Bay Lightning |
1 |
1 |
0 |
2 |
| Nashville Predators |
0 |
0 |
1 |
1 |
|
Shots
|
| Tampa Bay Lightning |
12 |
12 |
9 |
33 |
| Nashville Predators |
13 |
8 |
9 |
30 |
|
1st period
1. Tampa Bay Lightning , Filip Forsberg 1 (Kirill Kaprizov 1) at 13:35
Penalties :
Darcy Kuemper (TBL) for Delaying the game (Minor) at 16:13 - Darnell Nurse served the penalty, Moritz Seider (TBL) for Holding (Minor) at 19:31
2nd period
2. Tampa Bay Lightning , Dylan Cozens 1 (Jamie Benn 1) at 14:00
Penalties :
Ben Chiarot (NSH) for Slashing (Minor) at 2:44
3rd period
3. Nashville Predators , Sidney Crosby 1 (Pius Suter 1, Jake Neighbours 1) at 12:22 (PP)
Penalties :
Jake Neighbours (NSH) for Tripping (Minor) at 0:07, Travis Konecny (TBL) for Hooking (Minor) at 0:11, Rasmus Andersson (NSH) for Hooking (Minor) at 7:03, Travis Konecny (TBL) for Interference (Minor) at 12:12, Moritz Seider (TBL) for Holding (Minor) at 16:24
Goalie Stats
Darcy Kuemper (TBL), 29 saves from 30 shots - (0.967), W, 1-0-0, 60:00 minutes
Thatcher Demko (NSH), 31 saves from 33 shots - (0.939), L, 0-1-0, 58:34 minutes
Players Stats for Tampa Bay Lightning
Player Name G A P +/- PIM S H SB GA TA FO MP PP MP PK MP
------------------------------------------------------------------------------------
Anze Kopitar 0 0 0 1 0 3 0 1 1 0 19/29 21:06 2:07 3:00
Brent Burns 0 0 0 0 0 1 1 2 0 0 0/0 24:23 2:07 3:43
Darnell Nurse 0 0 0 1 0 0 2 0 0 0 0/0 19:07 2:07 1:33
Dylan Cozens 1 0 1 1 0 2 0 0 0 0 0/1 13:54 0:00 2:49
Filip Forsberg 1 0 1 1 0 4 1 0 0 0 2/3 17:12 2:07 0:00
Gustav Nyquist 0 0 0 0 0 2 1 0 0 0 0/0 8:22 0:00 0:00
Hampus Lindholm 0 0 0 1 0 0 0 0 0 1 0/0 14:25 0:00 0:00
Jamie Benn 0 1 1 1 0 4 0 0 1 1 4/7 13:05 1:55 0:00
Jason Dickinson 0 0 0 0 0 4 2 0 0 0 2/5 11:06 0:00 3:10
Jonathan Huberdeau 0 0 0 0 0 1 1 0 0 0 0/0 12:53 0:00 0:00
Jordan Martinook 0 0 0 0 0 0 0 1 0 1 0/0 7:56 0:00 0:00
Kirill Kaprizov 0 1 1 1 0 3 3 0 3 1 0/1 18:51 2:07 0:02
Michael Matheson 0 0 0 1 0 0 1 3 1 0 0/0 21:07 1:55 3:05
Moritz Seider 0 0 0 0 4 3 0 2 0 4 0/0 22:00 1:55 0:41
Roope Hintz 0 0 0 0 0 2 1 2 0 0 7/12 15:28 1:55 0:00
Travis Konecny 0 0 0 0 4 3 2 1 1 0 4/4 16:55 1:54 0:11
Trevor Moore 0 0 0 1 0 0 2 0 0 0 0/0 13:55 0:00 3:10
Tyler Myers 0 0 0 1 0 1 0 0 0 1 0/0 20:05 0:00 3:20
Players Stats for Nashville Predators
Player Name G A P +/- PIM S H SB GA TA FO MP PP MP PK MP
------------------------------------------------------------------------------------
Alexander Wennberg 0 0 0 -1 0 1 3 0 0 1 0/3 22:08 2:57 2:29
Anthony Duclair 0 0 0 0 0 2 1 1 1 0 0/1 14:17 2:57 0:00
Artem Zub 0 0 0 0 0 2 2 3 0 3 0/0 26:59 2:50 2:19
Ben Chiarot 0 0 0 -1 2 2 0 0 1 0 0/0 12:53 0:00 0:56
Brandon Montour 0 0 0 0 0 1 2 0 1 0 0/0 22:53 3:21 0:00
Christian Dvorak 0 0 0 -1 0 2 0 0 1 0 8/16 13:48 0:00 0:00
Dante Fabbro 0 0 0 -1 0 0 2 0 0 3 0/0 21:47 2:46 1:43
Dmitri Voronkov 0 0 0 0 0 3 2 0 3 0 1/2 12:01 2:57 0:31
Jake Neighbours 0 1 1 -1 2 3 0 0 0 0 2/3 16:00 3:14 0:09
James van Riemsdyk 0 0 0 0 0 2 1 0 0 0 0/1 12:01 0:00 1:00
Kailer Yamamoto 0 0 0 0 0 2 0 0 0 0 0/0 6:52 0:00 0:00
Kirby Dach 0 0 0 0 0 0 1 0 0 0 0/0 7:12 0:00 0:00
Pius Suter 0 1 1 -1 0 3 3 0 0 0 0/1 18:13 3:14 1:25
Rasmus Andersson 0 0 0 -1 2 2 0 1 1 0 0/0 17:16 3:25 0:47
Ryan Hartman 0 0 0 -1 0 1 1 0 0 0 0/0 15:23 0:00 0:00
Sidney Crosby 1 0 1 -1 0 4 0 1 1 0 11/27 23:20 3:14 2:30
Simon Benoit 0 0 0 -1 0 0 1 2 0 0 0/0 18:15 0:00 2:19
Victor Olofsson 0 0 0 0 0 0 0 1 0 0 2/8 12:42 0:00 0:00
3 Stars
1 - Darcy Kuemper (TBL)
2 - Filip Forsberg (TBL)
3 - Dylan Cozens (TBL)
Power Play
Tampa Bay Lightning - 0 on 3 Attempt(s) - 0.00%
Nashville Predators - 1 on 5 Attempt(s) - 20.00%
Penalty Kill
Tampa Bay Lightning - 4 on 5 Attempt(s) - 80.00%
- Score 0 goal in Penalty Kill
Nashville Predators - 3 on 3 Attempt(s) - 100.00%
- Score 0 goal in Penalty Kill
Team Stat
Tampa Bay Lightning - Hits : 17 - Faceoff Wins : 38 - Blocked Shots : 12 - Penalty Minutes : 10
Nashville Predators - Hits : 19 - Faceoff Wins : 24 - Blocked Shots : 9 - Penalty Minutes : 6
Official
Referees : Garrett Rank and Tom Chmielewski
Linesman : Mitchell Hunt and Julien Fournier
Game Notes
No Game Note
Finance
Level 1 -- Attendance: 5413 (90.22%) -- Ticket Income $541,300
Level 2 -- Attendance: 4375 (87.50%) -- Ticket Income $262,500
Level 3 -- Attendance: 2800 (93.33%) -- Ticket Income $98,000
Level 4 -- Attendance: 4275 (85.50%) -- Ticket Income $106,875
Luxury Box -- Attendance: 898 (89.80%) -- Ticket Income $179,600
Game was played at the Bridgestone Arena.
Total Attendance: 17761 (88.81%)
Total Ticket Income: $1,188,275
Other Income: $415,896
Total Income: $1,604,171
Tampa Bay Lightning
5 vs 5 Forward
Center Left Wing Right Wing Time % Phy DF OF
1 Anze Kopitar Kirill Kaprizov Filip Forsberg 38 0 2 3
2 Roope Hintz Travis Konecny Jonathan Huberdeau 32 0 3 2
3 Jamie Benn Dylan Cozens Trevor Moore 25 0 2 3
4 Jason Dickinson Jordan Martinook Gustav Nyquist 5 0 2 3
5 vs 5 Defense
Defense Defense Time % Phy DF OF
1 Moritz Seider Brent Burns 36 1 3 1
2 Michael Matheson Tyler Myers 34 1 3 1
3 Darnell Nurse Hampus Lindholm 30 1 3 1
4 Moritz Seider Michael Matheson 0 1 2 2
PowerPlay Forward
Center Left Wing Right Wing Time % Phy DF OF
1 Anze Kopitar Kirill Kaprizov Filip Forsberg 50 1 2 2
2 Roope Hintz Jamie Benn Travis Konecny 50 1 2 2
PowerPlay Defense
Defense Defense Time % Phy DF OF
1 Michael Matheson Moritz Seider 50 1 2 2
2 Brent Burns Darnell Nurse 50 1 2 2
Penalty Kill 4 Players Forward
Center Wing Time % Phy DF OF
1 Jason Dickinson Trevor Moore 50 1 2 2
2 Anze Kopitar Dylan Cozens 50 1 2 2
Penalty Kill 4 Players Defense
Defense Defense Time % Phy DF OF
1 Moritz Seider Tyler Myers 50 1 2 2
2 Michael Matheson Darnell Nurse 50 1 2 2
Penalty Kill - 3 Players Forward
Forward Time % Phy DF OF
1 Anze Kopitar 50 1 2 2
2 Jason Dickinson 50 1 2 2
Penalty Kill - 3 Players Defense
Defense Defense Time % Phy DF OF
1 Michael Matheson Darnell Nurse 50 1 2 2
2 Moritz Seider Tyler Myers 50 1 2 2
4 vs 4 Forward
Center Wing Time % Phy DF OF
1 Jamie Benn Travis Konecny 50 1 2 2
2 Anze Kopitar Roope Hintz 50 1 2 2
4 vs 4 Defense
Defense Defense Time % Phy DF OF
1 Michael Matheson Moritz Seider 50 1 2 2
2 Brent Burns Tyler Myers 50 1 2 2
Last Minutes Offensive
Center Left Wing Right Wing Defense Defense
Anze Kopitar Kirill Kaprizov Filip Forsberg Michael Matheson Moritz Seider
Last Minutes Defensive
Center Left Wing Right Wing Defense Defense
Anze Kopitar Jason Dickinson Travis Konecny Moritz Seider Hampus Lindholm
Goaltenders
Starting : Darcy Kuemper
Backup : Jeremy Swayman
Extra Forwards
Normal : Travis Konecny, Filip Forsberg, Jamie Benn - PP : Jonathan Huberdeau, Trevor Moore - PK : Travis Konecny
Extra Defensemen
Normal : Darnell Nurse, Michael Matheson, Moritz Seider - PP : Moritz Seider - PK : Brent Burns, Darnell Nurse
Penalty Shots
Trevor Moore, Filip Forsberg, Kirill Kaprizov, Anze Kopitar, Jonathan Huberdeau
Scratches
None
Nashville Predators
5 vs 5 Forward
Center Left Wing Right Wing Time % Phy DF OF
1 Sidney Crosby Alexander Wennberg Ryan Hartman 37 0 2 3
2 Christian Dvorak Pius Suter Jake Neighbours 33 0 2 3
3 Victor Olofsson Anthony Duclair James van Riemsdyk 25 0 2 3
4 Dmitri Voronkov Kailer Yamamoto Kirby Dach 5 0 3 2
5 vs 5 Defense
Defense Defense Time % Phy DF OF
1 Artem Zub Brandon Montour 40 1 2 2
2 Simon Benoit Dante Fabbro 36 1 4 0
3 Ben Chiarot Rasmus Andersson 24 0 5 0
4 Artem Zub Ben Chiarot 0 1 3 1
PowerPlay Forward
Center Left Wing Right Wing Time % Phy DF OF
1 Sidney Crosby Pius Suter Jake Neighbours 50 1 1 3
2 Alexander Wennberg Anthony Duclair Dmitri Voronkov 50 1 1 3
PowerPlay Defense
Defense Defense Time % Phy DF OF
1 Brandon Montour Rasmus Andersson 50 1 1 3
2 Artem Zub Dante Fabbro 50 2 2 1
Penalty Kill 4 Players Forward
Center Wing Time % Phy DF OF
1 Sidney Crosby Alexander Wennberg 65 1 2 2
2 Christian Dvorak Pius Suter 35 1 2 2
Penalty Kill 4 Players Defense
Defense Defense Time % Phy DF OF
1 Artem Zub Simon Benoit 60 2 3 0
2 Dante Fabbro Rasmus Andersson 40 1 3 1
Penalty Kill - 3 Players Forward
Forward Time % Phy DF OF
1 Sidney Crosby 50 1 2 2
2 Christian Dvorak 50 1 2 2
Penalty Kill - 3 Players Defense
Defense Defense Time % Phy DF OF
1 Artem Zub Dante Fabbro 50 1 2 2
2 Simon Benoit Rasmus Andersson 50 1 2 2
4 vs 4 Forward
Center Wing Time % Phy DF OF
1 Sidney Crosby Alexander Wennberg 50 1 2 2
2 Christian Dvorak Pius Suter 50 1 2 2
4 vs 4 Defense
Defense Defense Time % Phy DF OF
1 Brandon Montour Simon Benoit 60 2 2 1
2 Rasmus Andersson Artem Zub 40 2 2 1
Last Minutes Offensive
Center Left Wing Right Wing Defense Defense
Sidney Crosby Pius Suter Dmitri Voronkov Rasmus Andersson Brandon Montour
Last Minutes Defensive
Center Left Wing Right Wing Defense Defense
Sidney Crosby Alexander Wennberg Pius Suter Artem Zub Simon Benoit
Goaltenders
Starting : Thatcher Demko
Backup : Anthony Stolarz
Extra Forwards
Normal : Sidney Crosby, Alexander Wennberg, Pius Suter - PP : Jake Neighbours, Sidney Crosby - PK : James van Riemsdyk
Extra Defensemen
Normal : Rasmus Andersson, Brandon Montour, Dante Fabbro - PP : Rasmus Andersson - PK : Ben Chiarot, Artem Zub
Penalty Shots
James van Riemsdyk, Sidney Crosby, Pius Suter, Ryan Hartman, Alexander Wennberg
Scratches
Thomas Novak (Healthy), Marc-Andre Fleury (Healthy), Mads Sogaard (Healthy), Samuel Ersson (Healthy)
% Time on Ice - Tampa Bay Lightning
Lines # - Real PCT - Wanted PCT - Time Play
Normal Forward
1 - 33% - 38% - 15:57
2 - 28% - 32% - 13:14
3 - 22% - 25% - 10:45
4 - 17% - 5% - 7:56
Normal Defense
1 - 37% - 36% - 17:55
2 - 33% - 34% - 15:38
3 - 28% - 30% - 13:34
4 - 2% - 0% - 0:45
PP Forward
1 - 52% - 50% - 2:07
2 - 48% - 50% - 1:55
PP Defense
1 - 48% - 50% - 1:55
2 - 52% - 50% - 2:07
PK Forward
1 - 52% - 50% - 3:12
2 - 48% - 50% - 2:59
PK Defense
1 - 54% - 50% - 3:19
2 - 46% - 50% - 2:52
PK3 Forward
1 - 0% - 50%
2 - 0% - 50%
PK3 Defense
1 - 0% - 50%
2 - 0% - 50%
44 Forward
1 - 66% - 50% - 1:16
2 - 34% - 50% - 0:39
44 Defense
1 - 50% - 50% - 0:58
2 - 50% - 50% - 0:57
Last Minute Offensive - 0:00
Last Minute Defensive - 0:00
Total
Forward - 60:00
Defense - 60:00
|
% Time on Ice - Nashville Predators
Lines # - Real PCT - Wanted PCT - Time Play
Normal Forward
1 - 33% - 37% - 15:33
2 - 28% - 33% - 13:12
3 - 24% - 25% - 11:01
4 - 15% - 5% - 6:52
Normal Defense
1 - 39% - 40% - 18:04
2 - 36% - 36% - 16:40
3 - 25% - 24% - 11:26
4 - 1% - 0% - 0:28
PP Forward
1 - 52% - 50% - 3:14
2 - 48% - 50% - 2:57
PP Defense
1 - 54% - 50% - 3:21
2 - 46% - 50% - 2:50
PK Forward
1 - 100% - 65% - 4:02
2 - 0% - 35% - 0:00
PK Defense
1 - 57% - 60% - 2:19
2 - 43% - 40% - 1:43
PK3 Forward
1 - 0% - 50%
2 - 0% - 50%
PK3 Defense
1 - 0% - 50%
2 - 0% - 50%
44 Forward
1 - 49% - 50% - 0:56
2 - 51% - 50% - 0:59
44 Defense
1 - 64% - 60% - 1:14
2 - 36% - 40% - 0:41
Last Minute Offensive - 1:14
Last Minute Defensive - 0:00
Total
Forward - 60:00
Defense - 60:00
|
Play-by-Play
1st period
0:01 of 1st period - Sidney Crosby wins face-off versus Filip Forsberg in neutral zone.
0:36 of 1st period - Snap shot by Christian Dvorak.
0:36 of 1st period - Shot Blocked by Moritz Seider.
0:50 of 1st period - Wrist shot by Dmitri Voronkov.
0:50 of 1st period - Stopped by Darcy Kuemper without a rebound.
0:51 of 1st period - Dmitri Voronkov wins face-off versus Jamie Benn in Tampa Bay Lightning zone.
1:50 of 1st period - Snap shot by Jake Neighbours.
1:50 of 1st period - Shot Misses the Net.
1:52 of 1st period - Slapshot by Pius Suter.
1:52 of 1st period - Stopped by Darcy Kuemper without a rebound.
1:53 of 1st period - Roope Hintz wins face-off versus Sidney Crosby in Tampa Bay Lightning zone.
2:42 of 1st period - Snap shot by Jake Neighbours.
2:42 of 1st period - Shot Misses the Net.
2:44 of 1st period - Slapshot by Rasmus Andersson.
2:44 of 1st period - Shot Blocked by Michael Matheson.
2:48 of 1st period - Wrist shot by Anthony Duclair.
2:48 of 1st period - Deflect By James van Riemsdyk.
2:48 of 1st period - Stopped by Darcy Kuemper with a rebound.
2:50 of 1st period - Slapshot by Ben Chiarot.
2:50 of 1st period - Stopped by Darcy Kuemper without a rebound.
2:51 of 1st period - Jamie Benn wins face-off versus Sidney Crosby in Tampa Bay Lightning zone.
3:02 of 1st period - Wrist shot by Sidney Crosby.
3:02 of 1st period - Shot Misses the Net.
3:04 of 1st period - Slapshot by Artem Zub.
3:04 of 1st period - Stopped by Darcy Kuemper without a rebound.
3:05 of 1st period - Sidney Crosby wins face-off versus Anze Kopitar in Tampa Bay Lightning zone.
3:08 of 1st period - Snap shot by Sidney Crosby.
3:08 of 1st period - Stopped by Darcy Kuemper without a rebound.
3:09 of 1st period - Anze Kopitar wins face-off versus Alexander Wennberg in Tampa Bay Lightning zone.
3:16 of 1st period - Slapshot by Kirill Kaprizov.
3:16 of 1st period - Shot Misses the Net.
3:19 of 1st period - Icing by Brandon Montour.
3:20 of 1st period - Travis Konecny wins face-off versus Sidney Crosby in Nashville Predators zone.
3:52 of 1st period - Moritz Seider is hit by Anthony Duclair and loses puck.
4:17 of 1st period - Wrist shot by Dylan Cozens.
4:17 of 1st period - Stopped by Thatcher Demko with a rebound.
4:19 of 1st period - Slapshot by Brent Burns.
4:19 of 1st period - Shot Misses the Net.
4:38 of 1st period - Wrist shot by Dmitri Voronkov.
4:38 of 1st period - Stopped by Darcy Kuemper without a rebound.
4:39 of 1st period - Roope Hintz wins face-off versus Victor Olofsson in Tampa Bay Lightning zone.
4:52 of 1st period - Wrist shot by Anthony Duclair.
4:52 of 1st period - Shot Misses the Net.
5:18 of 1st period - Slapshot by Ryan Hartman.
5:18 of 1st period - Shot Hit the Post.
5:53 of 1st period - Snap shot by Gustav Nyquist.
5:53 of 1st period - Shot Blocked by Artem Zub.
5:55 of 1st period - Snap shot by Jason Dickinson.
5:55 of 1st period - Shot Misses the Net.
6:31 of 1st period - Wrist shot by Sidney Crosby.
6:31 of 1st period - Shot Misses the Net.
6:37 of 1st period - Wrist shot by Kirill Kaprizov.
6:37 of 1st period - Stopped by Thatcher Demko with a rebound.
7:09 of 1st period - Snap shot by Jason Dickinson.
7:09 of 1st period - Stopped by Thatcher Demko with a rebound.
7:15 of 1st period - Wrist shot by Gustav Nyquist.
7:15 of 1st period - Stopped by Thatcher Demko without a rebound.
7:16 of 1st period - Anze Kopitar wins face-off versus Christian Dvorak in Nashville Predators zone.
8:23 of 1st period - Icing by Rasmus Andersson.
8:24 of 1st period - Victor Olofsson wins face-off versus Anze Kopitar in Nashville Predators zone.
8:32 of 1st period - Slapshot by Dante Fabbro.
8:32 of 1st period - Shot Misses the Net.
8:34 of 1st period - Wrist shot by Victor Olofsson.
8:34 of 1st period - Shot Blocked by Brent Burns.
8:36 of 1st period - Snap shot by Anthony Duclair.
8:36 of 1st period - Stopped by Darcy Kuemper without a rebound.
8:37 of 1st period - Roope Hintz wins face-off versus Christian Dvorak in Tampa Bay Lightning zone.
9:04 of 1st period - Icing by Kirill Kaprizov.
9:05 of 1st period - Sidney Crosby wins face-off versus Anze Kopitar in Tampa Bay Lightning zone.
9:12 of 1st period - Alexander Wennberg is hit by Filip Forsberg and loses puck.
9:31 of 1st period - Darnell Nurse is hit by Alexander Wennberg and loses puck.
9:40 of 1st period - Filip Forsberg is hit by Simon Benoit and loses puck.
10:09 of 1st period - Snap shot by Kirill Kaprizov.
10:09 of 1st period - Stopped by Thatcher Demko with a rebound.
10:11 of 1st period - Wrist shot by Anze Kopitar.
10:11 of 1st period - Stopped by Thatcher Demko without a rebound.
10:12 of 1st period - Christian Dvorak wins face-off versus Roope Hintz in Nashville Predators zone.
10:24 of 1st period - Backhand shot by Pius Suter.
10:24 of 1st period - Shot Blocked by Roope Hintz.
10:28 of 1st period - Slapshot by Christian Dvorak.
10:28 of 1st period - Deflect By Pius Suter.
10:28 of 1st period - Stopped by Darcy Kuemper without a rebound.
10:29 of 1st period - Jamie Benn wins face-off versus Victor Olofsson in Tampa Bay Lightning zone.
10:38 of 1st period - Slapshot by Jamie Benn.
10:38 of 1st period - Stopped by Thatcher Demko without a rebound.
10:39 of 1st period - Jamie Benn wins face-off versus James van Riemsdyk in Nashville Predators zone.
10:44 of 1st period - Slapshot by Jamie Benn.
10:44 of 1st period - Shot Misses the Net.
10:52 of 1st period - Wrist shot by Dylan Cozens.
10:52 of 1st period - Deflect By Jamie Benn.
10:52 of 1st period - Stopped by Thatcher Demko with a rebound.
10:54 of 1st period - Snap shot by Jamie Benn.
10:54 of 1st period - Shot Blocked by Simon Benoit.
10:56 of 1st period - Slapshot by Moritz Seider.
10:56 of 1st period - Shot Misses the Net.
11:02 of 1st period - Wrist shot by Jamie Benn.
11:02 of 1st period - Stopped by Thatcher Demko with a rebound.
11:04 of 1st period - Slapshot by Moritz Seider.
11:04 of 1st period - Stopped by Thatcher Demko without a rebound.
11:05 of 1st period - Christian Dvorak wins face-off versus Roope Hintz in Nashville Predators zone.
11:12 of 1st period - Snap shot by Pius Suter.
11:12 of 1st period - Shot Misses the Net.
11:16 of 1st period - Slapshot by Christian Dvorak.
11:16 of 1st period - Stopped by Darcy Kuemper without a rebound.
11:17 of 1st period - Jake Neighbours wins face-off versus Roope Hintz in Tampa Bay Lightning zone.
11:54 of 1st period - Wrist shot by Roope Hintz.
11:54 of 1st period - Shot Hit the Post.
11:56 of 1st period - Wrist shot by Jonathan Huberdeau.
11:56 of 1st period - Stopped by Thatcher Demko without a rebound.
11:57 of 1st period - Filip Forsberg wins face-off versus Christian Dvorak in Nashville Predators zone.
12:36 of 1st period - Brent Burns is hit by Brandon Montour.
13:33 of 1st period - Wrist shot by Kirill Kaprizov.
13:33 of 1st period - Shot Misses the Net.
13:35 of 1st period - Wrist shot by Filip Forsberg.
13:35 of 1st period - Goal by Filip Forsberg - Tampa Bay Lightning : 1 - Nashville Predators : 0.
13:36 of 1st period - Anze Kopitar wins face-off versus Sidney Crosby in neutral zone.
14:51 of 1st period - Off-side.
14:52 of 1st period - Anze Kopitar wins face-off versus Victor Olofsson in neutral zone.
15:27 of 1st period - Wrist shot by Sidney Crosby.
15:27 of 1st period - Stopped by Darcy Kuemper with a rebound.
16:13 of 1st period - Backhand shot by Pius Suter.
16:13 of 1st period - Stopped by Darcy Kuemper without a rebound.
16:13 of 1st period - Minor Penalty to Darcy Kuemper for Delaying the game.
16:14 of 1st period - Jason Dickinson wins face-off versus Sidney Crosby in Tampa Bay Lightning zone.
17:41 of 1st period - Icing by Sidney Crosby.
17:42 of 1st period - Sidney Crosby wins face-off versus Anze Kopitar in Nashville Predators zone.
17:59 of 1st period - Dante Fabbro is hit by Jason Dickinson and loses puck.
18:13 of 1st period - Penalty to Darnell Nurse is over, Darnell Nurse is back on ice.
18:24 of 1st period - Dante Fabbro is hit by Jonathan Huberdeau.
19:06 of 1st period - Snap shot by Dmitri Voronkov.
19:06 of 1st period - Stopped by Darcy Kuemper without a rebound.
19:07 of 1st period - Sidney Crosby wins face-off versus Jason Dickinson in Tampa Bay Lightning zone.
19:31 of 1st period - Minor Penalty to Moritz Seider for Holding.
19:32 of 1st period - Anze Kopitar wins face-off versus Pius Suter in Tampa Bay Lightning zone.
Goals for this period are 1 for Tampa Bay Lightning vs 0 for Nashville Predators.
Shots for this period are 12 for Tampa Bay Lightning vs 13 for Nashville Predators.
2nd period
0:01 of 2nd period - Anze Kopitar wins face-off versus Alexander Wennberg in neutral zone.
0:29 of 2nd period - Off-side.
0:30 of 2nd period - Sidney Crosby wins face-off versus Jason Dickinson in neutral zone.
0:56 of 2nd period - Anthony Duclair is hit by Trevor Moore and loses puck.
1:06 of 2nd period - Off-side.
1:07 of 2nd period - Jake Neighbours wins face-off versus Anze Kopitar in neutral zone.
1:10 of 2nd period - Wrist shot by Sidney Crosby.
1:10 of 2nd period - Stopped by Darcy Kuemper with a rebound.
1:31 of 2nd period - Penalty to Moritz Seider is over, Moritz Seider is back on ice.
2:18 of 2nd period - Brent Burns is hit by Brandon Montour and loses puck.
2:37 of 2nd period - Snap shot by Travis Konecny.
2:37 of 2nd period - Stopped by Thatcher Demko with a rebound.
2:39 of 2nd period - Slapshot by Tyler Myers.
2:39 of 2nd period - Stopped by Thatcher Demko with a rebound.
2:41 of 2nd period - Snap shot by Roope Hintz.
2:41 of 2nd period - Stopped by Thatcher Demko without a rebound.
2:42 of 2nd period - Christian Dvorak wins face-off versus Jamie Benn in Nashville Predators zone.
2:44 of 2nd period - Minor Penalty to Ben Chiarot for Slashing.
2:45 of 2nd period - Anze Kopitar wins face-off versus Sidney Crosby in Nashville Predators zone.
2:49 of 2nd period - Slapshot by Anze Kopitar.
2:49 of 2nd period - Shot Misses the Net.
3:01 of 2nd period - Snap shot by Kirill Kaprizov.
3:01 of 2nd period - Stopped by Thatcher Demko without a rebound.
3:02 of 2nd period - Sidney Crosby wins face-off versus Roope Hintz in Nashville Predators zone.
3:27 of 2nd period - Moritz Seider is hit by Alexander Wennberg.
4:38 of 2nd period - Darnell Nurse is hit by Dante Fabbro and loses puck.
4:44 of 2nd period - Penalty to Ben Chiarot is over, Ben Chiarot is back on ice.
5:13 of 2nd period - Snap shot by Anthony Duclair.
5:13 of 2nd period - Stopped by Darcy Kuemper with a rebound.
5:15 of 2nd period - Wrist shot by Anthony Duclair.
5:15 of 2nd period - Shot Blocked by Anze Kopitar.
5:48 of 2nd period - Darnell Nurse is hit by Kirby Dach and loses puck.
6:13 of 2nd period - Snap shot by Jason Dickinson.
6:13 of 2nd period - Shot Misses the Net.
6:29 of 2nd period - Wrist shot by James van Riemsdyk.
6:29 of 2nd period - Shot Blocked by Jordan Martinook.
6:31 of 2nd period - Slapshot by Ben Chiarot.
6:31 of 2nd period - Deflect By Gustav Nyquist.
6:31 of 2nd period - Stopped by Darcy Kuemper without a rebound.
6:32 of 2nd period - Roope Hintz wins face-off versus Victor Olofsson in Tampa Bay Lightning zone.
6:49 of 2nd period - Wrist shot by Travis Konecny.
6:49 of 2nd period - Shot Misses the Net.
7:09 of 2nd period - Slapshot by Kailer Yamamoto.
7:09 of 2nd period - Shot Blocked by Michael Matheson.
7:11 of 2nd period - Snap shot by Kailer Yamamoto.
7:11 of 2nd period - Stopped by Darcy Kuemper with a rebound.
8:48 of 2nd period - Jake Neighbours is hit by Travis Konecny and loses puck.
8:57 of 2nd period - Snap shot by Jake Neighbours.
8:57 of 2nd period - Shot Misses the Net.
9:36 of 2nd period - Victor Olofsson is hit by Darnell Nurse and loses puck.
9:51 of 2nd period - Alexander Wennberg is hit by Darnell Nurse and loses puck.
10:36 of 2nd period - Kirby Dach is hit by Michael Matheson and loses puck.
11:23 of 2nd period - Anze Kopitar is hit by Pius Suter and loses puck.
11:30 of 2nd period - Michael Matheson is hit by Artem Zub and loses puck.
11:55 of 2nd period - Icing by Michael Matheson.
11:56 of 2nd period - Jason Dickinson wins face-off versus Victor Olofsson in Tampa Bay Lightning zone.
12:01 of 2nd period - Victor Olofsson is hit by Jason Dickinson and loses puck.
12:06 of 2nd period - Snap shot by Gustav Nyquist.
12:06 of 2nd period - Shot Misses the Net.
12:10 of 2nd period - Wrist shot by Gustav Nyquist.
12:10 of 2nd period - Shot Misses the Net.
12:12 of 2nd period - Slapshot by Moritz Seider.
12:12 of 2nd period - Shot Blocked by Anthony Duclair.
12:16 of 2nd period - Wrist shot by Gustav Nyquist.
12:16 of 2nd period - Deflect By Jason Dickinson.
12:16 of 2nd period - Stopped by Thatcher Demko with a rebound.
12:18 of 2nd period - Snap shot by Jason Dickinson.
12:18 of 2nd period - Stopped by Thatcher Demko with a rebound.
12:20 of 2nd period - Slapshot by Darnell Nurse.
12:20 of 2nd period - Shot Misses the Net.
12:22 of 2nd period - Slapshot by Moritz Seider.
12:22 of 2nd period - Stopped by Thatcher Demko with a rebound.
12:24 of 2nd period - Snap shot by Jason Dickinson.
12:24 of 2nd period - Stopped by Thatcher Demko without a rebound.
12:25 of 2nd period - Anze Kopitar wins face-off versus Sidney Crosby in Nashville Predators zone.
13:37 of 2nd period - Kailer Yamamoto is hit by Gustav Nyquist and loses puck.
14:00 of 2nd period - Wrist shot by Dylan Cozens.
14:00 of 2nd period - Goal by Dylan Cozens - Tampa Bay Lightning : 2 - Nashville Predators : 0.
14:01 of 2nd period - Anze Kopitar wins face-off versus Sidney Crosby in neutral zone.
14:35 of 2nd period - Snap shot by Jake Neighbours.
14:35 of 2nd period - Shot Blocked by Roope Hintz.
14:37 of 2nd period - Slapshot by Jake Neighbours.
14:37 of 2nd period - Stopped by Darcy Kuemper without a rebound.
14:38 of 2nd period - Sidney Crosby wins face-off versus Jamie Benn in Tampa Bay Lightning zone.
15:03 of 2nd period - Christian Dvorak is hit by Kirill Kaprizov and loses puck.
15:30 of 2nd period - Roope Hintz is hit by Dmitri Voronkov and loses puck.
15:57 of 2nd period - Wrist shot by Jason Dickinson.
15:57 of 2nd period - Shot Misses the Net.
15:59 of 2nd period - Snap shot by Jordan Martinook.
15:59 of 2nd period - Shot Blocked by Rasmus Andersson.
16:01 of 2nd period - Snap shot by Gustav Nyquist.
16:01 of 2nd period - Stopped by Thatcher Demko without a rebound.
16:02 of 2nd period - Christian Dvorak wins face-off versus Anze Kopitar in Nashville Predators zone.
16:19 of 2nd period - Slapshot by Anze Kopitar.
16:19 of 2nd period - Stopped by Thatcher Demko without a rebound.
16:20 of 2nd period - Sidney Crosby wins face-off versus Roope Hintz in Nashville Predators zone.
16:31 of 2nd period - Slapshot by Ryan Hartman.
16:31 of 2nd period - Shot Blocked by Travis Konecny.
17:12 of 2nd period - Brent Burns is hit by Dante Fabbro and loses puck.
17:57 of 2nd period - Ben Chiarot is hit by Trevor Moore and loses puck.
18:10 of 2nd period - Snap shot by Alexander Wennberg.
18:10 of 2nd period - Stopped by Darcy Kuemper with a rebound.
18:12 of 2nd period - Slapshot by Rasmus Andersson.
18:12 of 2nd period - Stopped by Darcy Kuemper with a rebound.
18:30 of 2nd period - Snap shot by Jamie Benn.
18:30 of 2nd period - Shot Misses the Net.
18:42 of 2nd period - Wrist shot by Brent Burns.
18:42 of 2nd period - Stopped by Thatcher Demko without a rebound.
18:43 of 2nd period - Christian Dvorak wins face-off versus Anze Kopitar in Nashville Predators zone.
19:16 of 2nd period - Snap shot by James van Riemsdyk.
19:16 of 2nd period - Stopped by Darcy Kuemper with a rebound.
19:18 of 2nd period - Wrist shot by James van Riemsdyk.
19:18 of 2nd period - Shot Misses the Net.
Goals for this period are 1 for Tampa Bay Lightning vs 0 for Nashville Predators.
Shots for this period are 12 for Tampa Bay Lightning vs 8 for Nashville Predators.
3rd period
0:01 of 3rd period - Anze Kopitar wins face-off versus Christian Dvorak in neutral zone.
0:07 of 3rd period - Minor Penalty to Jake Neighbours for Tripping.
0:08 of 3rd period - Travis Konecny wins face-off versus Sidney Crosby in Nashville Predators zone.
0:11 of 3rd period - Minor Penalty to Travis Konecny for Hooking.
0:12 of 3rd period - Jamie Benn wins face-off versus Sidney Crosby in Tampa Bay Lightning zone.
0:18 of 3rd period - Slapshot by Moritz Seider.
0:18 of 3rd period - Shot Misses the Net.
2:07 of 3rd period - Penalty to Jake Neighbours is over, Jake Neighbours is back on ice.
2:11 of 3rd period - Penalty to Travis Konecny is over, Travis Konecny is back on ice.
3:08 of 3rd period - Jordan Martinook is hit by James van Riemsdyk and loses puck.
5:20 of 3rd period - Icing by Simon Benoit.
5:21 of 3rd period - Anze Kopitar wins face-off versus Dmitri Voronkov in Nashville Predators zone.
5:32 of 3rd period - Slapshot by Kirill Kaprizov.
5:32 of 3rd period - Shot Blocked by Simon Benoit.
6:20 of 3rd period - Jason Dickinson is hit by Artem Zub.
6:44 of 3rd period - Snap shot by Ryan Hartman.
6:44 of 3rd period - Stopped by Darcy Kuemper without a rebound.
6:45 of 3rd period - Roope Hintz wins face-off versus Anthony Duclair in Tampa Bay Lightning zone.
6:52 of 3rd period - Wrist shot by Roope Hintz.
6:52 of 3rd period - Stopped by Thatcher Demko without a rebound.
6:53 of 3rd period - Roope Hintz wins face-off versus Victor Olofsson in Nashville Predators zone.
7:03 of 3rd period - Minor Penalty to Rasmus Andersson for Hooking.
7:04 of 3rd period - Anze Kopitar wins face-off versus Sidney Crosby in Nashville Predators zone.
7:04 of 3rd period - Slapshot by Kirill Kaprizov.
7:04 of 3rd period - Shot Misses the Net.
7:06 of 3rd period - Wrist shot by Filip Forsberg.
7:06 of 3rd period - Stopped by Thatcher Demko without a rebound.
7:07 of 3rd period - Anze Kopitar wins face-off versus Sidney Crosby in Nashville Predators zone.
7:43 of 3rd period - Wrist shot by Travis Konecny.
7:43 of 3rd period - Stopped by Thatcher Demko without a rebound.
7:44 of 3rd period - Sidney Crosby wins face-off versus Anze Kopitar in Nashville Predators zone.
7:44 of 3rd period - Sidney Crosby is hit by Kirill Kaprizov.
9:03 of 3rd period - Penalty to Rasmus Andersson is over, Rasmus Andersson is back on ice.
9:21 of 3rd period - Wrist shot by Dmitri Voronkov.
9:21 of 3rd period - Deflect By Kailer Yamamoto.
9:21 of 3rd period - Stopped by Darcy Kuemper with a rebound.
9:43 of 3rd period - Jamie Benn is hit by Pius Suter and loses puck.
9:59 of 3rd period - James van Riemsdyk is hit by Travis Konecny.
11:00 of 3rd period - Anthony Duclair is hit by Brent Burns and loses puck.
11:07 of 3rd period - Wrist shot by Jamie Benn.
11:07 of 3rd period - Stopped by Thatcher Demko without a rebound.
11:08 of 3rd period - Filip Forsberg wins face-off versus Sidney Crosby in Nashville Predators zone.
11:11 of 3rd period - Snap shot by Kirill Kaprizov.
11:11 of 3rd period - Shot Misses the Net.
11:14 of 3rd period - Icing by Brandon Montour.
11:15 of 3rd period - Anze Kopitar wins face-off versus Sidney Crosby in Nashville Predators zone.
11:26 of 3rd period - Snap shot by Anze Kopitar.
11:26 of 3rd period - Stopped by Thatcher Demko with a rebound.
11:38 of 3rd period - Wrist shot by Alexander Wennberg.
11:38 of 3rd period - Shot Blocked by Brent Burns.
11:40 of 3rd period - Snap shot by Ryan Hartman.
11:40 of 3rd period - Shot Misses the Net.
12:08 of 3rd period - Snap shot by Ryan Hartman.
12:08 of 3rd period - Deflect By Sidney Crosby.
12:08 of 3rd period - Shot Blocked by Moritz Seider.
12:08 of 3rd period - Puck is out of play.
12:09 of 3rd period - Roope Hintz wins face-off versus Christian Dvorak in Tampa Bay Lightning zone.
12:09 of 3rd period - Jonathan Huberdeau is hit by Pius Suter and loses puck.
12:12 of 3rd period - Minor Penalty to Travis Konecny for Interference.
12:13 of 3rd period - Sidney Crosby wins face-off versus Jason Dickinson in Tampa Bay Lightning zone.
12:20 of 3rd period - Wrist shot by Sidney Crosby.
12:20 of 3rd period - Shot Misses the Net.
12:22 of 3rd period - Wrist shot by Sidney Crosby.
12:22 of 3rd period - Goal by Sidney Crosby - Tampa Bay Lightning : 2 - Nashville Predators : 1.
12:23 of 3rd period - Anze Kopitar wins face-off versus Christian Dvorak in neutral zone.
12:27 of 3rd period - Icing by Jake Neighbours.
12:28 of 3rd period - Christian Dvorak wins face-off versus Anze Kopitar in Nashville Predators zone.
12:37 of 3rd period - Wrist shot by Jake Neighbours.
12:37 of 3rd period - Stopped by Darcy Kuemper without a rebound.
12:38 of 3rd period - Christian Dvorak wins face-off versus Kirill Kaprizov in Tampa Bay Lightning zone.
12:39 of 3rd period - Wrist shot by Jake Neighbours.
12:39 of 3rd period - Shot Misses the Net.
12:41 of 3rd period - Slapshot by Brandon Montour.
12:41 of 3rd period - Stopped by Darcy Kuemper with a rebound.
12:43 of 3rd period - Slapshot by Christian Dvorak.
12:43 of 3rd period - Stopped by Darcy Kuemper with a rebound.
12:45 of 3rd period - Slapshot by Artem Zub.
12:45 of 3rd period - Stopped by Darcy Kuemper with a rebound.
12:47 of 3rd period - Wrist shot by Christian Dvorak.
12:47 of 3rd period - Shot Blocked by Michael Matheson.
12:49 of 3rd period - Snap shot by Jake Neighbours.
12:49 of 3rd period - Stopped by Darcy Kuemper with a rebound.
12:51 of 3rd period - Snap shot by Artem Zub.
12:51 of 3rd period - Shot Misses the Net.
12:53 of 3rd period - Backhand shot by Jake Neighbours.
12:53 of 3rd period - Shot Misses the Net.
13:03 of 3rd period - Brandon Montour is hit by Roope Hintz and loses puck.
13:08 of 3rd period - Wrist shot by Travis Konecny.
13:08 of 3rd period - Stopped by Thatcher Demko with a rebound.
13:10 of 3rd period - Wrist shot by Moritz Seider.
13:10 of 3rd period - Deflect By Travis Konecny.
13:10 of 3rd period - Shot Misses the Net.
13:10 of 3rd period - Puck is out of play.
13:11 of 3rd period - Travis Konecny wins face-off versus Christian Dvorak in Nashville Predators zone.
13:35 of 3rd period - Off-side.
13:36 of 3rd period - Anze Kopitar wins face-off versus Sidney Crosby in neutral zone.
13:41 of 3rd period - Snap shot by Filip Forsberg.
13:41 of 3rd period - Stopped by Thatcher Demko without a rebound.
13:42 of 3rd period - Anze Kopitar wins face-off versus Christian Dvorak in Nashville Predators zone.
13:51 of 3rd period - Snap shot by Filip Forsberg.
13:51 of 3rd period - Stopped by Thatcher Demko with a rebound.
14:32 of 3rd period - Off-side.
14:33 of 3rd period - Anze Kopitar wins face-off versus Jake Neighbours in neutral zone.
14:38 of 3rd period - Slapshot by Pius Suter.
14:38 of 3rd period - Deflect By Christian Dvorak.
14:38 of 3rd period - Shot Misses the Net.
14:38 of 3rd period - Puck is out of play.
14:39 of 3rd period - Christian Dvorak wins face-off versus Anze Kopitar in Tampa Bay Lightning zone.
15:24 of 3rd period - Snap shot by Jamie Benn.
15:24 of 3rd period - Shot Misses the Net.
15:44 of 3rd period - Pius Suter is hit by Kirill Kaprizov and loses puck.
16:01 of 3rd period - Slapshot by Moritz Seider.
16:01 of 3rd period - Stopped by Thatcher Demko without a rebound.
16:02 of 3rd period - Travis Konecny wins face-off versus Sidney Crosby in Nashville Predators zone.
16:15 of 3rd period - Michael Matheson is hit by Ryan Hartman.
16:19 of 3rd period - Snap shot by Sidney Crosby.
16:19 of 3rd period - Shot Misses the Net.
16:21 of 3rd period - Snap shot by Rasmus Andersson.
16:21 of 3rd period - Deflect By Michael Matheson.
16:21 of 3rd period - Stopped by Darcy Kuemper without a rebound.
16:22 of 3rd period - Victor Olofsson wins face-off versus Dylan Cozens in Tampa Bay Lightning zone.
16:24 of 3rd period - Minor Penalty to Moritz Seider for Holding.
16:25 of 3rd period - Anze Kopitar wins face-off versus Alexander Wennberg in Tampa Bay Lightning zone.
16:25 of 3rd period - Anze Kopitar is hit by Alexander Wennberg.
16:40 of 3rd period - Tyler Myers is hit by Dmitri Voronkov and loses puck.
18:24 of 3rd period - Penalty to Moritz Seider is over, Moritz Seider is back on ice.
18:34 of 3rd period - Nashville Predators, Thatcher Demko is pulled from the net.
19:35 of 3rd period - Slapshot by Kirill Kaprizov.
19:35 of 3rd period - Shot Blocked by Sidney Crosby.
19:37 of 3rd period - Snap shot by Travis Konecny.
19:37 of 3rd period - Shot Blocked by Artem Zub.
19:39 of 3rd period - Wrist shot by Tyler Myers.
19:39 of 3rd period - Shot Blocked by Victor Olofsson.
19:41 of 3rd period - Wrist shot by Tyler Myers.
19:41 of 3rd period - Shot Blocked by Artem Zub.
Goals for this period are 0 for Tampa Bay Lightning vs 1 for Nashville Predators.
Shots for this period are 9 for Tampa Bay Lightning vs 9 for Nashville Predators.
Back to the Top